Map: Station d’habitation EC (Void)

Players

Genius

  • Race: Terran Terran
  • League: Diamond
  • Spawn Location: 11:00

TheMagician - Winner!

  • Race: Protoss Protoss
  • League: Diamond
  • Spawn Location: 1:00

VOD

Have the link to the VOD?

Description

Time

  • Played on: Dec. 25, 2016, 10:07 p.m.
  • Length: 17:31
Show
View Real Time Build Order
Export as new Build Order

Genius Terran 

Build Orders:  

Get SALT Encoding   

  12  0:00  SCV  
  13  0:13  SCV  
  14  0:17  Supply Depot  
  14  0:25  SCV  
  15  0:28  Refinery  
  15  0:39  SCV  
  16  0:46  Barracks  
  16  0:51  SCV  
  17  1:03  SCV  
  18  1:15  SCV  
  19  1:34  Marine  
  19  1:35  Bunker  
  20  1:40  Bunker  
  20  1:41  Orbital Command  
  20  1:52  Marine  
  21  2:01  Supply Depot  
  21  2:11  Marine  
  22  2:15  Factory  
  22  2:30  Marine  
  23  2:42  Command Center  
  23  2:50  Barracks Reactor  
  22  2:59  Widow Mine  
  22  3:01  Starport  
  22  3:05  Supply Depot  
  24  3:06  SCV  
  25  3:18  SCV  
  26  3:26  Marine  
  26  3:27  Marine  
  27  3:28  Widow Mine  
  30  3:37  Medivac  
  32  3:42  Engineering Bay  
  32  3:46  Marine x2  
  34  3:54  SCV  
  35  3:56  Orbital Command  
  35  3:59  Factory Tech Lab  
  35  4:15  Missile Turret  
  35  4:21  Starport Reactor  
  35  4:25  Missile Turret  
  35  4:31  Marine x2  
  33  4:49  Marine x2  
  33  4:51  Orbital Command  
  35  4:58  Missile Turret  
  35  4:59  Refinery  
  35  5:02  Armory  
  35  5:03  Viking  
  37  5:11  Marine x2  
  39  5:32  Orbital Command  
  39  5:46  Missile Turret, Marine x2  
  39  5:47  Viking x2  
  39  5:48  Missile Turret  
  39  6:07  SCV x2  
  41  6:11  Missile Turret  
  41  6:16  Marine x2  
  41  6:18  Viking  
  45  6:19  SCV x2  
  45  6:22  Viking  
  49  6:27  Bunker  
  49  6:35  Supply Depot  
  49  6:37  SCV x2  
  49  6:39  Supply Depot  
  51  6:44  Marine x2  
  53  6:54  SCV  
  53  6:56  SCV  
  53  6:57  Refinery  
  53  6:58  Refinery  
  55  7:06  SCV  
  63  7:12  SCV  
  64  7:18  SCV  
  65  7:25  SCV  
  59  7:45  SCV x2  
  61  7:51  Factory  
  61  7:57  Factory, SCV x2  
  63  8:00  Factory  
  63  8:07  Missile Turret x2  
  63  8:08  Missile Turret  
  63  8:09  SCV x2  
  65  8:21  SCV x2  
  65  8:26  Missile Turret  
  67  8:31  Missile Turret  
  67  8:33  Missile Turret, SCV x2  
  69  8:41  Factory Tech Lab  
  69  8:45  Starport  
  69  8:49  Widow Mine  
  69  8:50  Command Center, Widow Mine, Starport  
  67  9:04  Command Center  
  67  9:25  Starport Reactor  
  67  9:26  Starport Reactor  
  67  9:28  Widow Mine  
  69  9:36  Supply Depot  
  69  9:39  Supply Depot  
  69  9:52  Widow Mine  
  74  10:11  Viking x4  
  75  10:20  Orbital Command  
  75  10:22  Factory  
  75  10:26  Missile Turret  
  71  10:35  Factory  
  71  10:42  Viking x2  
  73  10:43  Viking x2  
  73  10:47  Armory  
  73  10:49  Planetary Fortress  
  79  10:51  Refinery  
  79  10:54  Refinery  
  79  10:56  Missile Turret  
  79  10:57  Missile Turret  
  79  10:59  Missile Turret  
  79  11:14  Viking x3  
  79  11:16  Missile Turret  
  79  11:18  Orbital Command  
  85  11:27  Viking  
  87  11:33  Widow Mine x2  
  87  11:35  Thor x2  
  87  11:36  Missile Turret  
  103  11:41  SCV  
  103  11:46  Missile Turret  
  104  11:49  Missile Turret x2  
  104  11:53  SCV  
  106  11:56  Supply Depot  
  106  11:59  Viking  
  108  12:03  Supply Depot  
  107  12:19  Supply Depot  
  107  12:22  Supply Depot  
  107  12:25  SCV  
  108  12:37  SCV  
  108  12:39  Command Center  
  108  12:41  Viking x4  
  117  12:49  SCV  
  118  12:52  Thor  
  118  12:56  Supply Depot, Terran Vehicle Weapons Level 1  
  118  12:57  Supply Depot  
  124  13:01  Liberator  
  124  13:02  Liberator x2  
  124  13:18  Thor  
  124  13:19  Liberator  
  139  13:23  Supply Depot  
  141  13:44  Thor  
  141  13:46  Supply Depot, SCV  
  148  13:51  Liberator x2  
  148  13:59  SCV  
  155  14:11  Command Center, Supply Depot, SCV  
  155  14:14  Supply Depot  
  155  14:15  Liberator  
  156  14:23  SCV  
  157  14:35  SCV  
  157  14:36  Thor  
  167  14:46  Thor  
  173  15:05  Liberator x2  
  173  15:17  Supply Depot  
  173  15:22  Supply Depot  
Show
View Real Time Build Order
Export as new Build Order

TheMagician Protoss - Winner!

Build Orders:  

Get SALT Encoding   

  12  0:01  Probe (Chrono Boost)  
  13  0:11  Probe (Chrono Boost)  
  14  0:25  Pylon  
  14  0:28  Probe (Chrono Boost)  
  15  0:44  Probe (Chrono Boost)  
  15  0:48  Gateway  
  16  0:54  Probe (Chrono Boost)  
  17  0:58  Pylon  
  17  1:05  Probe (Chrono Boost)  
  17  1:06  Assimilator  
  18  1:15  Probe (Chrono Boost)  
  18  1:17  Gateway  
  19  1:26  Probe (Chrono Boost)  
  20  1:36  Probe (Chrono Boost)  
  21  1:41  Cybernetics Core  
  21  1:47  Probe (Chrono Boost)  
  21  1:51  Pylon  
  21  1:57  Probe (Chrono Boost)  
  22  2:07  Nexus  
  22  2:09  Probe (Chrono Boost)  
  23  2:16  Assimilator  
  23  2:20  Adept  
  25  2:27  Mothership Core (Chrono Boost)  
  27  2:45  Probe (Chrono Boost)  
  28  2:55  Forge  
  28  3:01  Probe (Chrono Boost)  
  28  3:02  Pylon  
  29  3:07  Stargate  
  29  3:15  Pylon  
  29  3:31  Probe (Chrono Boost)  
  30  3:35  Pylon  
  30  3:37  Photon Cannon  
  30  3:42  Probe (Chrono Boost)  
  30  3:44  Photon Cannon  
  31  3:54  Void Ray  
  35  3:58  Probe (Chrono Boost)  
  36  4:06  Stargate  
  36  4:14  Photon Cannon  
  36  4:17  Probe (Chrono Boost)  
  37  4:22  Assimilator  
  37  4:30  Pylon  
  37  4:46  Void Ray  
  41  5:13  Probe (Chrono Boost), Oracle  
  45  5:24  Probe (Chrono Boost)  
  45  5:27  Void Ray  
  46  5:35  Probe (Chrono Boost)  
  49  5:38  Assimilator  
  49  5:45  Probe (Chrono Boost)  
  50  5:56  Probe (Chrono Boost)  
  51  5:58  Void Ray  
  55  6:06  Probe (Chrono Boost)  
  55  6:09  Void Ray  
  56  6:17  Probe (Chrono Boost)  
  61  6:22  Pylon  
  61  6:23  Pylon  
  61  6:27  Probe (Chrono Boost)  
  62  6:38  Probe (Chrono Boost)  
  63  6:48  Probe (Chrono Boost)  
  63  6:52  Nexus  
  64  6:59  Probe (Chrono Boost)  
  65  7:09  Probe (Chrono Boost)  
  65  7:11  Robotics Facility  
  66  7:15  Robotics Facility  
  66  7:16  Pylon  
  66  7:20  Probe x2 (Chrono Boost)  
  68  7:30  Probe (Chrono Boost)  
  68  7:32  Probe (Chrono Boost)  
  68  7:36  Void Ray  
  70  7:42  Void Ray  
  78  7:49  Photon Cannon  
  78  7:51  Photon Cannon  
  78  7:52  Photon Cannon  
  78  7:53  Pylon  
  78  7:56  Assimilator  
  78  8:00  Assimilator  
  75  8:15  Robotics Bay  
  75  8:16  Pylon  
  75  8:19  Probe (Chrono Boost)  
  77  8:28  Probe (Chrono Boost)  
  77  8:30  Probe (Chrono Boost)  
  78  8:40  Probe (Chrono Boost)  
  78  8:41  Probe (Chrono Boost)  
  80  8:58  Colossus  
  80  9:02  Colossus  
  92  9:14  Extended Thermal Lance  
  92  9:29  Nexus  
  92  9:30  Pylon  
  92  9:32  Pylon  
  92  9:34  Pylon  
  92  9:53  Colossus  
  92  10:00  Colossus  
  104  10:40  Colossus  
  105  10:44  Probe (Chrono Boost)  
  111  10:54  Colossus  
  111  10:56  Probe (Chrono Boost)  
  118  11:04  Fleet Beacon  
  118  11:09  Probe (Chrono Boost)  
  119  11:15  Assimilator  
  119  11:19  Assimilator  
  119  11:21  Probe (Chrono Boost)  
  121  11:33  Probe (Chrono Boost)  
  121  11:38  Stargate  
  127  11:40  Stargate  
  121  11:54  Stargate  
  121  11:56  Stargate  
  121  12:21  Pylon  
  121  12:23  Pylon  
  121  12:26  Carrier  
  121  12:34  Carrier x2  
  133  12:37  Carrier  
  133  12:40  Carrier x2  
  157  12:44  Graviton Catapult  
  157  12:54  Probe (Chrono Boost)  
  159  13:06  Probe (Chrono Boost)  
  159  13:18  Probe (Chrono Boost)  
  160  13:41  Carrier  
  172  14:03  Carrier  
  172  14:04  Nexus  
  172  14:05  Photon Cannon  
  172  14:06  Photon Cannon  
  178  14:12  Observer  
  178  14:13  Probe (Chrono Boost)  
  182  14:25  Probe (Chrono Boost)  
  182  14:36  Probe (Chrono Boost)  
  181  14:50  Pylon  
  181  14:52  Pylon  
  181  14:57  Pylon  
  181  14:59  Pylon  
  178  15:18  Carrier  
  184  15:26  Carrier  
  186  15:29  Carrier  
Tags
 
Add a new tag
Caveats
  • Supply blocks, unpowered buildings, or Contaminate may cause inaccurate times.
  • Supply counts are checked every 10 seconds.